 Dungeon Sprint DCSS version 0.27.1-33-g824d729ab1 (webtiles) character file.

Game seed: 7535093191476377137

863 manyhoops the Cleaver (level 7, -15/61 HPs)
             Began as a Deep Dwarf Berserker on Nov 27, 2021.
             Was a Priest of Trog.
             Demolished by an ice devil (19 damage)
             ... summoned by a kobold demonologist
             ... while paralysed by a floating eye
             ... in the Dungeon (Sprint I: "Red Sonja").
             The game lasted 00:02:23 (375 turns).

manyhoops the Cleaver (Deep Dwarf Berserker)         Turns: 375, Time: 00:02:24

Health: -15/61     AC:  9    Str: 23    XL:     7   Next: 72%
Magic:  6/6        EV:  2    Int:  7    God:    Trog [***...]
Gold:   322        SH:  0    Dex: 12    Spells: 6/6 levels left

rFire    . . .     SeeInvis .   a - +0 hand axe
rCold    . . .     Faith    .   (no shield)
rNeg     . . .     Spirit   .   i - +0 scale mail {rPois}
rPois    +         Reflect  .   (no helmet)
rElec    .         Harm     .   (no cloak)
rCorr    .         Rampage  .   (no gloves)
Will     +++..     NoTele   +   (no boots)
Stlth    ..........             (no amulet)
HPRegen  1.00/turn              (no ring)
MPRegen  0.10/turn              (no ring)

@: paralysed, agile, strong-willed (expiring), on berserk cooldown, very
slightly contaminated, regenerating (expiring), hasted and slowed, invisible
A: damage resistance, heal wounds, sense surroundings 1, no regeneration
a: Heal Wounds, Renounce Religion, Berserk, Trog's Hand


You were in the Dungeon.
You worshipped Trog.
Trog was most pleased with you.
You visited 1 branch You collected 426 gold pieces.
You spent 104 gold pieces at shops.

Inventory:

Hand Weapons
 a - a +0 hand axe (weapon)
Armour
 i - a +0 scale mail of poison resistance (worn)
 j - a +2 robe of willpower
Scrolls
 h - a scroll of blinking
Potions
 b - a potion of degeneration {unknown}
 d - a potion of heal wounds
 f - 2 potions of magic
 g - a potion of berserk rage


   Skills:
 - Level 2.6 Fighting
 - Level 13.2 Axes
 + Level 12.7 Armour
 - Level 2.1 Dodging


You had 6 spell levels left.
You didn't know any spells.
Your spell library was empty.

Dungeon Overview and Level Annotations

Branches:
Dungeon (1/1)

Altars:
Cheibriados
Dithmenos
Elyvilon
Fedhas
Gozag
Hepliaklqana
Kikubaaqudgha
Makhleb
Nemelex Xobeh
Okawaru
Qazlal
Ru
Sif Muna
Trog
Uskayaw
Vehumet
Wu Jian
Xom
Yredelemnul
Zin
The Shining One
Jiyva
Lugonu

Shops:
D [


Innate Abilities, Weirdness & Mutations

You are resistant to damage.
You can heal yourself by infusing magical energy.
You passively map a small area around you.
You do not regenerate.


Message History

The floating eye gazes piercingly through you!
You shrug off the repeated paralysis!
The chaos spawn hits you!
You fade into invisibility!
You are very lightly contaminated with residual magic.
You can move again.
Things that are here:
a +0 dagger; a +0 robe; a kobold corpse Unknown command.
You feel better.
You feel the effects of Trog's Hand fading.
The kobold demonologist misses you. The chaos spawn gores you!
The chaos spawn shocks you!
You feel yourself speed up.
The kobold demonologist hits you but does no damage.
The chaos spawn gores you!
You feel agile all of a sudden.
The kobold demonologist hits you with a +0 dagger.
The floating eye's stare focuses on you.
Unknown command.
You hit the floating eye.
The floating eye is moderately wounded.
You strike the helpless kobold demonologist from behind!
You hit the kobold demonologist. You closely miss the ice devil.
Unknown command.
You slash the floating eye!
The floating eye is almost dead.
You hit the kobold demonologist. You closely miss the ice devil.
The floating eye gazes piercingly through you!
You suddenly lose the ability to move!
The ice devil hits you! The ice devil freezes you!
* * * LOW HITPOINT WARNING * * *
The kobold demonologist hits you but does no damage.
The ice devil hits you but does no damage.
The kobold demonologist hits you with a +0 dagger.
* * * LOW HITPOINT WARNING * * *
The floating eye seems to glare at you. The ice devil hits you!
* * * LOW HITPOINT WARNING * * *
The ice devil freezes you!!
You die...

####################*
)..#..'..#__#.44.G.#,
*
#..'[.#..'..'..#@K.#*
*
##'#####'#__####...+
, * #..#...#(####
#####, * ####..##.#≈
* ___##'#_.+ ≈ ,,, ,
∩...†..._# , * , ,
.__##_.#'# * ^
___###+#.#, #### *
###* * ,* ,


You could see an ice devil (summoned), a kobold demonologist, a chaos spawn
(summoned) and a floating eye (charged).

Vanquished Creatures
  A kobold demonologist (D)
  A slime creature (D)
  Sigmund (D)
  A yak (D)
  An ogre (D)
  A jelly (D)
  Ijyb (D)
7 creatures vanquished.

Vanquished Creatures (others)
  A gargoyle (D)
1 creature vanquished.

Grand Total: 8 creatures vanquished

Notes
Turn   | Place    | Note
-------+----------+-------------------------------------------
     0 | D        | manyhoops the Deep Dwarf Berserker began the quest for the
                  | Orb.
     0 | D        | Reached XP level 1. HP: 20/20 MP: 1/1
     4 | D        | Noticed Ijyb
    17 | D        | Killed Ijyb
    18 | D        | Reached skill level 7 in Axes
    18 | D        | Reached XP level 2. HP: 24/27 MP: 2/2
    49 | D        | Noticed an ogre
    54 | D        | Killed an ogre
    55 | D        | Reached skill level 10 in Axes
    55 | D        | Reached XP level 3. HP: 26/33 MP: 3/3
    55 | D        | Reached XP level 4. HP: 33/40 MP: 4/4
   115 | D        | Noticed Sigmund
   126 | D        | Killed Sigmund
   126 | D        | Reached ** piety under Trog
   127 | D        | Reached skill level 13 in Axes
   127 | D        | Reached XP level 5. HP: 46/46 MP: 5/5
   178 | D        | Found an ornate altar of the Wu Jian Council.
   178 | D        | Found a shimmering blue altar of Sif Muna.
   180 | D        | Found a radiant altar of Vehumet.
   187 | D        | Reached XP level 6. HP: 55/55 MP: 6/6
   236 | D        | Found Lutiosia's Armour Emporium.
   236 | D        | Found an ancient bone altar of Kikubaaqudgha.
   236 | D        | Found a hazy altar of Hepliaklqana.
   236 | D        | Found a stormy altar of Qazlal.
   236 | D        | Found a hide-covered altar of Uskayaw.
   236 | D        | Found a blossoming altar of Fedhas.
   236 | D        | Found a bloodstained altar of Trog.
   236 | D        | Found an iron altar of Okawaru.
   236 | D        | Found a basalt altar of Yredelemnul.
   236 | D        | Found a glowing golden altar of the Shining One.
   236 | D        | Found a snail-covered altar of Cheibriados.
   236 | D        | Found a sacrificial altar of Ru.
   236 | D        | Found a glowing silver altar of Zin.
   236 | D        | Found a shadowy altar of Dithmenos.
   236 | D        | Found a white marble altar of Elyvilon.
   236 | D        | Noticed a yak
   244 | D        | Killed a yak
   245 | D        | Found an opulent altar of Gozag.
   246 | D        | Found a sparkling altar of Nemelex Xobeh.
   246 | D        | Killed a gargoyle
   250 | D        | Bought a +0 scale mail of poison resistance for 104 gold
                  | pieces
   297 | D        | Found a burning altar of Makhleb.
   297 | D        | Found a viscous altar of Jiyva.
   297 | D        | Found a shimmering altar of Xom.
   297 | D        | Found a corrupted altar of Lugonu.
   297 | D        | Noticed a slime creature
   307 | D        | Killed a slime creature
   307 | D        | Reached *** piety under Trog
   308 | D        | Reached skill level 10 in Armour
   308 | D        | Reached XP level 7. HP: 37/61 MP: 7/7
   354 | D        | Noticed a kobold demonologist
   356 | D        | Noticed a kobold demonologist
   358 | D        | Paralysed by a floating eye for 3 turns
   364 | D        | Noticed a smoke demon
   364 | D        | Noticed a chaos spawn
   364 | D        | Killed a kobold demonologist
   365 | D        | Paralysed by a floating eye for 4 turns
   369 | D        | Noticed an ice devil
   373 | D        | Paralysed by a floating eye for 2 turns
   375 | D        | Demolished by an ice devil

Illustrated notes

Levels and vault maps discovered:
D:        dungeon_sprint_1 [red_sonja_temple_1, red_sonja_temple_small_1]

Skill      XL: |  1  2  3  4  5  6  7 |
---------------+----------------------+-----
Axes           | 7 10 13 | 13.2
Armour         | 4 10 12 | 12.7
Fighting       | |  2.6
Dodging        | |  2.1

Action                   |  1- 3 |  4- 6 |  7- 9 || total
-------------------------+-------+-------+-------++-------
Melee: Hand axe          |    16 |    28 |     7 ||    51
Invok: Berserk           |     2 |     4 |     1 ||     7
       Trog's Hand       |       |       |     1 ||     1
 Abil: Heal Wounds       |       |     1 |     1 ||     2
  Use: Potion            |       |       |     2 ||     2
 Stab: Invisible         |       |       |     1 ||     1
Armor: Scale mail        |       |     1 |     9 ||    10
       Robe              |       |     1 |       ||     1
Dodge: Dodged            |     6 |     4 |     3 ||    13
